 Dungeon Crawl Stone Soup version 0.21.1-1-g345015f (webtiles) character file.

71425 nightchill the Severer (level 15, 141/141 HPs)
             Began as a Hill Orc Monk on June 19, 2018.
             Was a Priest of Zin (penitent).
             Quit the game on level 3 of the Swamp on June 22, 2018.
             The game lasted 02:15:30 (27313 turns).

nightchill the Severer (Hill Orc Monk)             Turns: 27313, Time: 02:15:31

Health: 141/141    AC: 16    Str: 21    XL:     15   Next: 36%
Magic:  25/25      EV: 14    Int: 17    God:    Zin [*]
Gold:   1209       SH: 13    Dex: 13    Spells: 11/14 levels left

rFire    + . .     SeeInvis .   F - +0 broad axe
rCold    . . .     Gourm    .   X - +0 shield
rNeg     + . .     Faith    +   H - +0 swamp dragon scales
rPois    +         Spirit   .   t - +2 helmet
rElec    +         Reflect  .   (no cloak)
rCorr    .         Harm     .   v - +1 pair of gloves
MR       .....                  p - +0 pair of boots "Vol Cinn" {rElec MR- Regen+ Int+7}
Stlth    +.........             k - amulet of faith
HPRegen  0.73/turn              I - ring of protection from fire
MPRegen  0.19/turn              x - ring of positive energy

@: no status effects
A: no striking features
a: Donate Gold, Renounce Religion


You were on level 3 of the Swamp.
You worshipped Zin.
Zin was demanding penance.
You were not hungry.

You visited 4 branches of the dungeon, and saw 21 of its levels.

You collected 1366 gold pieces.
You spent 21 gold pieces at shops.
You donated 136 gold pieces to Zin.

Inventory:

Hand Weapons
 b - a +0 battleaxe of flaming
 j - a +1 antimagic war axe
 F - a +0 broad axe (weapon)
Missiles
 e - 7 steel tomahawks
 h - 9 poisoned javelins (quivered)
 C - 14 tomahawks
 D - 266 arrows
Armour
 i - the +2 ring mail "Voraitub" {rF+ rC+ rN+}
   (You found it on level 5 of the Dungeon)

   It protects you from fire.
   It protects you from cold.
   It protects you from negative energy.
 p - the +0 pair of boots "Vol Cinn" (worn) {rElec MR- Regen+ Int+7}
   (You found it on level 9 of the Dungeon)

   It affects your intelligence (+7).
   It insulates you from electricity.
   It affects your resistance to hostile enchantments.
   It increases your rate of regeneration.
 t - a +2 helmet (worn)
 v - a +1 pair of gloves (worn)
 H - +0 swamp dragon scales (worn)
 R - a +0 buckler of fire resistance
 X - a +0 shield (worn)
Jewellery
 k - an amulet of faith (around neck)
 s - an uncursed ring of magical power
 x - a ring of positive energy (right hand)
 I - a ring of protection from fire (left hand)
Wands
 q - a wand of acid (22)
 y - a wand of enslavement (21)
 G - a wand of digging (10)
 Q - a wand of paralysis (31)
 S - a wand of disintegration (10)
Scrolls
 l - 5 scrolls of magic mapping
 m - 5 scrolls of remove curse
 u - 8 scrolls of identify
 M - 3 scrolls of amnesia
 O - 2 scrolls of immolation
 P - 4 scrolls of enchant weapon
 U - 3 scrolls of teleportation
 V - a scroll of fear
 W - a scroll of enchant armour
 Y - a scroll of fog
Potions
 n - 2 potions of cancellation
 r - 2 potions of resistance
 w - 2 potions of magic
 z - 3 potions of mutation
 A - 8 potions of curing
 N - a potion of invisibility
Books
 a - a book of Party Tricks

   Spells                             Type                      Level
   a - Summon Butterflies             Summoning                    1
   b - Apportation                    Translocation                1
   c - Lesser Beckoning               Translocation                3
   d - Tukima's Dance                 Hexes                        3
   e - Alistair's Intoxication        Transmutation/Poison         5
   f - Invisibility                   Hexes                        6
 d - the Disquisition on Destructive Malediction
   (You found it on level 3 of the Swamp)

   Spells                             Type                      Level
   a - Magic Dart                     Conjuration                  1
   b - Tukima's Dance                 Hexes                        3
   c - Spectral Weapon                Hexes/Charms                 3
   d - Iskenderun's Battlesphere      Conjuration/Charms           5
   e - Summon Mana Viper              Hexes/Summoning              5
 f - a book of Changes

   Spells                             Type                      Level
   a - Beastly Appendage              Transmutation                1
   b - Sticks to Snakes               Transmutation                2
   c - Spider Form                    Transmutation/Poison         3
   d - Ice Form                       Ice/Transmutation            4
   e - Blade Hands                    Transmutation                5
 g - a book of Geomancy

   Spells                             Type                      Level
   a - Sandblast                      Earth                        1
   b - Passwall                       Transmutation/Earth          2
   c - Stone Arrow                    Conjuration/Earth            3
   d - Petrify                        Transmutation/Earth          4
   e - Lee's Rapid Deconstruction     Earth                        5
 o - a book of Cantrips

   Spells                             Type                      Level
   a - Confusing Touch                Hexes                        1
   b - Animate Skeleton               Necromancy                   1
   c - Summon Small Mammal            Summoning                    1
   d - Apportation                    Translocation                1
 B - a book of Air

   Spells                             Type                      Level
   a - Shock                          Conjuration/Air              1
   b - Swiftness                      Charms/Air                   2
   c - Static Discharge               Conjuration/Air              3
   d - Airstrike                      Air                          4
   e - Lightning Bolt                 Conjuration/Air              5
 J - a book of Conjurations

   Spells                             Type                      Level
   a - Magic Dart                     Conjuration                  1
   b - Searing Ray                    Conjuration                  2
   c - Dazzling Spray                 Conjuration/Hexes            3
   d - Fulminant Prism                Conjuration/Hexes            4
   e - Force Lance                    Conjuration/Translocation    4
   f - Iskenderun's Mystic Blast      Conjuration                  4
 K - the Grimoire of Assistive Clay
   (You took it off a crimson imp on level 7 of the Dungeon)

   Spells                             Type                      Level
   a - Sandblast                      Earth                        1
   b - Stone Arrow                    Conjuration/Earth            3
   c - Excruciating Wounds            Charms/Necromancy            5
 T - a book of Flames

   Spells                             Type                      Level
   a - Flame Tongue                   Conjuration/Fire             1
   b - Throw Flame                    Conjuration/Fire             2
   c - Conjure Flame                  Conjuration/Fire             3
   d - Inner Flame                    Hexes/Fire                   3
   e - Sticky Flame                   Conjuration/Fire             4
   f - Fireball                       Conjuration/Fire             5
Comestibles
 c - 31 rations


   Skills:
 + Level 15.5 Fighting
 + Level 17.2 Axes
 - Level 6.9 Armour
 - Level 6.6 Dodging
 - Level 1.5 Stealth
 + Level 11.9 Shields
 - Level 2.1 Summonings
 - Level 3.0 Transmutations
 - Level 14.2 Invocations


You had 11 spell levels left.
You knew the following spells:

 Your Spells              Type           Power        Failure   Level  Hunger
a - Sticks to Snakes      Tmut           ##......     24%         2    ###....
b - Summon Butterflies    Summ           #.......     22%         1    ##.....


Dungeon Overview and Level Annotations

Branches:
Dungeon (11/15)            Temple (1/1) D:6            Lair (5/6) D:11
  Swamp (4/4) Lair:4       Spider (0/4) Lair:3          Orc (0/2) D:11
  Slime: Lair:5-6

Altars:
Ashenzari
Cheibriados
Dithmenos
Elyvilon
Fedhas
Gozag
Hepliaklqana
Kikubaaqudgha
Makhleb
Nemelex Xobeh
Okawaru
Qazlal
Ru
Sif Muna
Trog
Uskayaw
Vehumet
Wu Jian
Xom
Yredelemnul
Zin
The Shining One

Shops:
D:8 *

Annotations:
D:5 exclusion: upstairs
D:10 exclusion: downstairs
Lair:1 exclusions: 5 oklob plants and 1 more exclusion
Lair:3 exclusion: downstairs
Lair:5 exclusion: oklob plant
Swamp:1 exclusion: downstairs


Message History

The alligator barely misses you.
You slash the alligator!
The alligator is almost dead.
The alligator closely misses you. You block the alligator's attack.
You hit the alligator.
The alligator is almost dead.
The alligator bites you but does no damage.
The alligator closely misses you.
You slash the alligator!
You kill the alligator!
You start resting.
Your magical contamination has completely faded away.
You start resting.
HP restored.
Saving game... please wait.
Welcome back, nightchill the Hill Orc Monk.
Zin sternly explains the importance of the Axioms of Law.
Press ? for a list of commands and other information.
Okay, then.
Are you sure you want to abandon this character and quit the game? (Confirm with "yes".)

...≈≈≈♣♣♣..≈.≈..♣[......≈≈.≈..≈≈.
♣♣≈..♣♣♣≈.≈.≈..≈..≈......≈≈≈..§..
♣♣♣♣♣ ♣♣.≈.......≈.≈....≈≈≈.≈.≈.
♣≈....≈.≈≈≈.≈.≈.≈≈.≈.≈...
♣≈...≈≈≈≈≈§≈...≈≈...≈...≈ ♣
♣♣..≈≈≈≈≈≈≈≈≈..≈.....§... ♣
♣♣.≈≈≈≈≈≈≈≈≈≈.§≈...:.... ♣
♣≈≈≈≈≈.≈≈≈≈....≈≈≈≈.... ♣
♣≈§≈≈≈@.≈≈≈≈..≈.≈...... ♣♣
♣(≈≈≈≈.≈≈≈≈.......≈≈.≈. ≈♣
♣.≈≈≈≈≈≈≈≈≈....≈..≈..≈. ♣♣
♣♣♣♣.≈≈≈≈≈≈≈≈...≈......... ♣♣♣
♣♣.≈...≈≈≈≈≈≈≈...≈...≈..≈..
♣≈♣♣♣♣♣..≈.≈..≈.≈.≈..≈≈....≈§.≈≈.
..≈.♣♣≈.....≈≈≈......≈........≈..
♣...≈≈≈......≈≈......≈.....≈....≈
♣.........≈.....≈..≈.....≈.....≈.


There were no monsters in sight!

Vanquished Creatures
  Gastronok (Lair:1)
  2 thorn hunters (Swamp:3)
  9 hydras
  The ghost of Aliochah the Impaler, a journeyman MfGl of Hepliaklqana (D:11)
  Erica (Lair:2)
  14 alligators
  A two-headed ogre (D:11)
  The ghost of Monsterracer the Quickloader, a novice FoHu (D:7)
  4 death yaks (Lair:5)
  7 swamp dragons
  An unseen horror (D:11)
  A shambling mangrove (Swamp:2)
  3 ugly things
  A cyclops (D:11)
  6 black mambas
  Joseph (Lair:1)
  10 spiny frogs
  3 rime drakes
  4 centaur skeletons
  8 komodo dragons
  12 blink frogs
  Prince Ribbit (D:9)
  9 tyrant leeches
  4 polar bears (Lair:3)
  8 slime creatures (Swamp:3)
  6 bog bodies
  3 hippogriffs
  10 dream sheep
  3 redbacks (Lair:3)
  25 yaks
  2 shadows (Swamp:1)
  A wyvern (D:11)
  A spriggan (D:10)
  8 vampire mosquitoes
  A basilisk (Lair:4)
  4 steam dragons
  8 insubstantial wisps
  A soldier ant (D:7)
  Edmund (D:4)
  17 swamp worms
  10 water moccasins
  10 porcupines
  8 swamp drakes
  A hornet zombie (D:10)
  4 sky beasts
  2 black bears
  An ice beast (D:8)
  8 orc warriors
  A phantom (D:7)
  15 wolves
  7 ogres
  4 centaurs
  9 necrophages (D:11)
  11 crocodiles
  A big kobold (D:9)
  20 bullfrogs
  2 jellies
  3 scorpions (D:8)
  2 wyvern zombies (D:11)
  11 killer bees
  15 wights
  An electric eel (Lair:2)
  2 howler monkeys
  14 crimson imps
  4 bullfrog zombies
  A centaur zombie (D:11)
  5 orc priests
  6 hounds
  8 orc wizards
  A bullfrog skeleton (D:5)
  2 iguanas (D:11)
  Jessica (D:2)
  16 worker ants
  A killer bee zombie (D:8)
  2 hound zombies
  A hound skeleton (D:6)
  2 mummies (D:11)
  2 worker ant zombies (D:11)
  4 gnolls
  16 adders
  2 shadow imps
  A white imp (D:7)
  An ooze (D:2)
  2 worms (D:3)
  2 dart slugs
  8 leopard geckos
  57 orcs
  9 bats
  14 giant cockroaches
  12 hobgoblins
  16 jackals
  12 kobolds
  3 quokkas
  A ball python (D:1)
  4 frilled lizards
  9 goblins
  A leopard gecko zombie (D:5)
  A quokka skeleton (D:4)
  A quokka zombie (D:7)
  7 rats
  A briar patch (Swamp:3)
  2 fungi (Lair:2)
  A plant (Lair:3)
605 creatures vanquished.

Vanquished Creatures (collateral kills)
  A dream sheep (Lair:5)
  An orc (D:11)
2 creatures vanquished.

Vanquished Creatures (others)
  A wizard (D:4)
  A worker ant (D:10)
  2 briar patches (Swamp:3)
  4 fungi
  6 plants
  2 withered plants (D:11)
16 creatures vanquished.

Grand Total: 623 creatures vanquished

Notes
Turn   | Place    | Note
-------+----------+-------------------------------------------
     0 | D:1      | nightchill the Hill Orc Monk began the quest for the Orb.
     0 | D:1      | Reached XP level 1. HP: 19/19 MP: 1/1
   349 | D:1      | Reached XP level 2. HP: 27/27 MP: 2/2
   792 | D:1      | Reached skill level 5 in Axes
   809 | D:1      | Reached XP level 3. HP: 31/33 MP: 3/3
  1491 | D:2      | Noticed Jessica
  1495 | D:2      | Reached XP level 4. HP: 41/41 MP: 4/4
  1502 | D:2      | Killed Jessica
  1502 | D:2      | Reached skill level 6 in Axes
  2086 | D:3      | Reached XP level 5. HP: 42/47 MP: 5/5
  2110 | D:3      | Found a sacrificial altar of Ru.
  2431 | D:3      | Reached skill level 5 in Fighting
  3345 | D:3      | Reached skill level 7 in Axes
  3443 | D:4      | Noticed a phantom
  3843 | D:4      | Reached XP level 6. HP: 51/56 MP: 6/6
  4023 | D:4      | Found a bloodstained altar of Trog.
  4038 | D:5      | Entered Level 5 of the Dungeon
  4294 | D:5      | Reached skill level 8 in Axes
  4361 | D:5      | Got a heavily runed ring mail
  4372 | D:5      | Identified the +2 ring mail "Voraitub" {rF+ rC+ rN+} (You found it on level 5 of the Dungeon)
  4521 | D:4      | Reached XP level 7. HP: 60/63 MP: 7/7
  4582 | D:5      | Reached skill level 9 in Axes
  4727 | D:6      | Found a staircase to the Ecumenical Temple.
  4742 | Temple   | Entered the Ecumenical Temple
  4964 | Temple   | Became a worshipper of Zin the Law-Giver
  4964 | Temple   | Reached * piety under Zin
  4964 | Temple   | Reached ** piety under Zin
  5058 | D:4      | Found a bloodstained altar of Trog.
  5059 | D:4      | Found a stormy altar of Qazlal.
  5059 | D:4      | Found a basalt altar of Yredelemnul.
  5063 | D:4      | Found an iron altar of Okawaru.
  5067 | D:4      | Reached skill level 1 in Invocations
  5068 | D:4      | Found an opulent altar of Gozag.
  5459 | D:4      | Reached *** piety under Zin
  5476 | D:4      | Noticed Edmund
  5491 | D:4      | Killed Edmund
  5491 | D:4      | Reached XP level 8. HP: 59/73 MP: 8/10
  5594 | D:4      | Noticed a wizard
  5596 | D:4      | Killed a wizard
  6046 | D:6      | Reached skill level 10 in Axes
  6238 | D:6      | Found a shadowy altar of Dithmenos.
  6296 | D:6      | Reached skill level 5 in Invocations
  7014 | D:7      | Reached XP level 9. HP: 71/82 MP: 13/13
  7117 | D:7      | Reached skill level 11 in Axes
  7137 | D:7      | Noticed Monsterracer's ghost (novice FoHu)
  7171 | D:7      | Killed Monsterracer's ghost
  7254 | D:7      | Reached **** piety under Zin
  7828 | D:7      | Reached skill level 12 in Axes
  7959 | D:7      | Identified the Grimoire of Assistive Clay (You took it off a crimson imp on level 7 of the Dungeon)
  7966 | D:7      | Learned a level 2 spell: Sticks to Snakes
  8037 | D:7      | Reached skill level 10 in Fighting
  8189 | D:7      | Reached skill level 1 in Armour
  8204 | D:7      | Found a runed door.
  8214 | D:7      | Found a runed door.
  8235 | D:7      | Reached XP level 10. HP: 74/93 MP: 2/16
  8243 | D:7      | Reached skill level 1 in Transmutations
  9503 | D:8      | Found Issuwyck's Assorted Antiques.
  9508 | D:8      | Bought a silvery potion for 21 gold pieces
 10053 | D:9      | Got a pair of smoking boots
 10069 | D:8      | Identified the cursed +0 pair of boots "Vol Cinn" {rElec MR- Regen+ Int+7} (You found it on level 9 of the Dungeon)
 10159 | D:9      | Noticed Prince Ribbit
 10173 | D:9      | Killed Prince Ribbit
 10323 | D:9      | Reached ***** piety under Zin
 10561 | D:9      | Found an ancient bone altar of Kikubaaqudgha.
 11077 | D:10     | Entered Level 10 of the Dungeon
 11096 | D:10     | Reached skill level 13 in Axes
 11096 | D:10     | Reached XP level 11. HP: 82/102 MP: 9/18
 11122 | D:10     | Reached skill level 10 in Invocations
 11633 | D:10     | Reached skill level 5 in Armour
 11948 | D:11     | Noticed a two-headed ogre
 11960 | D:11     | Killed a two-headed ogre
 12169 | D:11     | Noticed a white ugly thing
 12189 | D:10     | Killed a white ugly thing
 12505 | D:11     | Noticed a five-headed hydra
 12515 | D:11     | Killed a two-headed hydra
 12683 | D:11     | Noticed a brown ugly thing
 12831 | D:10     | Killed a brown ugly thing
 13121 | D:11     | Noticed a cyclops
 13139 | D:11     | Killed a cyclops
 13233 | D:11     | Noticed Aliochah's ghost (journeyman MfGl)
 13236 | D:11     | Reached skill level 14 in Axes
 13238 | D:11     | Noticed a manticore
 13238 | D:11     | Noticed a red ugly thing
 13931 | D:11     | Killed Aliochah's ghost
 13931 | D:11     | Reached XP level 12. HP: 68/112 MP: 9/20
 14073 | D:11     | Found a staircase to the Orcish Mines.
 14074 | D:11     | Found a staircase to the Lair.
 14375 | Lair:1   | Entered Level 1 of the Lair of Beasts
 15348 | Lair:1   | Noticed Joseph
 15360 | Lair:1   | Killed Joseph
 15374 | Lair:1   | Noticed Gastronok
 15436 | Lair:1   | Killed Gastronok
 15687 | Lair:1   | Found a white marble altar of Elyvilon.
 16083 | Lair:2   | Reached skill level 15 in Axes
 16232 | Lair:2   | Reached skill level 5 in Dodging
 16333 | Lair:2   | Reached XP level 13. HP: 120/122 MP: 22/22
 16940 | Lair:2   | Noticed Erica
 16954 | Lair:2   | Killed Erica
 17796 | Lair:3   | Found a hole to the Spider Nest.
 18637 | Lair:4   | Reached skill level 16 in Axes
 19228 | Lair:4   | Found a staircase to the Swamp.
 19974 | Lair:5   | Reached XP level 14. HP: 116/133 MP: 15/24
 19979 | Lair:5   | Reached skill level 5 in Shields
 21006 | Lair:5   | Identified a scroll of acquirement
 21076 | Lair:5   | Learned a level 1 spell: Summon Butterflies
 21491 | Swamp:1  | Entered Level 1 of the Swamp
 21502 | Swamp:1  | Reached skill level 1 in Summonings
 21744 | Swamp:1  | Got an ancient longbow
 21745 | Swamp:1  | Identified the +4 longbow "Cestyed" {freeze, -Tele Str+6 Dex+3} (You acquired it on level 1 of the Swamp)
 22363 | Swamp:1  | Reached skill level 10 in Shields
 24623 | Swamp:3  | Noticed a thorn hunter
 24642 | Swamp:3  | Zin protects you from harm!
 24644 | Swamp:3  | Killed a thorn hunter
 24835 | Swamp:3  | Reached XP level 15. HP: 101/139 MP: 22/25
 25056 | Swamp:3  | Noticed a thorn hunter
 25076 | Swamp:3  | Killed a thorn hunter
 25076 | Swamp:3  | Reached skill level 15 in Fighting
 25172 | Swamp:3  | Identified the Disquisition on Destructive Malediction
 25856 | Swamp:3  | Reached skill level 17 in Axes
 26293 | Swamp:4  | Entered Level 4 of the Swamp
 26384 | Swamp:3  | Was placed under penance by Zin
 27313 | Swamp:3  | Quit the game

Skill      XL: |  1  2  3  4  5  6  7  8  9 10 11 12 13 14 15 |
---------------+----------------------------------------------+-----
Fighting       | 4 5 6 7 8 10 11 12 13 14 15 | 15.5
Axes           | 5 6 7 8 9 10 12 13 14 15 16 17 | 17.2
Invocations    | 3 6 8 9 11 13 14 | 14.2
Armour         | 1 4 6 |  6.9
Transmutations | 2 3 |  3.0
Dodging        | 5 6 |  6.6
Shields        | 4 11 | 11.9
Summonings     | 2 |  2.1
Stealth        | |  1.5

Action                   |  1- 3 |  4- 6 |  7- 9 | 10-12 | 13-15 || total
-------------------------+-------+-------+-------+-------+-------++-------
Melee: Hand axe          |   125 |   284 |   209 |     6 |       ||   624
       War axe           |       |       |   174 |   719 |       ||   893
       Battleaxe         |       |       |       |   185 |   915 ||  1100
       Broad axe         |       |       |       |       |   143 ||   143
Throw: Stone             |     4 |       |       |     1 |       ||     5
       Javelin           |       |     1 |       |    12 |     2 ||    15
 Cast: Sticks to Snakes  |       |       |       |     6 |     6 ||    12
       Summon Butterflie |       |       |       |       |     6 ||     6
Invok: Recite            |       |       |    17 |    23 |     3 ||    43
       Vitalisation      |       |       |     3 |     4 |    11 ||    18
       Sanctuary         |       |       |       |     3 |     3 ||     6
       Imprison          |       |       |       |       |     1 ||     1
Evoke: Wand              |       |       |       |     3 |     4 ||     7
  Use: Scroll            |       |    13 |     1 |    12 |    17 ||    43
       Potion            |       |     1 |     2 |     4 |     6 ||    13
 Stab: Confused          |       |       |       |     1 |       ||     1
       Invisible         |       |       |       |     1 |       ||     1
       Paralysed         |       |       |       |     3 |     1 ||     4
  Eat: Chunk             |     1 |    11 |     9 |    17 |    28 ||    66
       Ration            |       |       |     1 |     3 |     3 ||     7
Armor: Robe              |    11 |       |       |       |       ||    11
       Ring mail         |    28 |    94 |   141 |   368 |   316 ||   947
       Plate armour      |       |     9 |       |       |       ||     9
       Swamp dragon scal |       |       |       |       |   107 ||   107
Dodge: Dodged            |   101 |   143 |   193 |   485 |   684 ||  1606
Block: Shield            |       |       |       |       |   111 ||   111
